 Dungeon Crawl Stone Soup version 0.29-a0-362-g5854e031c7 (webtiles) character file.

Game seed: 4344560426613939348

994 Artihs the Caller (level 8, -2/57 HPs)
             Began as a Human Summoner on Apr 29, 2022.
             Slain by a two-headed ogre
             ... wielding a +0 dire flail
              (9 damage)
             ... on level 6 of the Dungeon.
             The game lasted 01:05:08 (6480 turns).

Artihs the Caller (Human Summoner)                  Turns: 6480, Time: 01:05:08

Health: -2/57      AC: 11    Str:  8    XL:     8   Next: 42%
Magic:  3/13       EV: 11    Int: 17    God:
Gold:   252        SH:  0    Dex: 15    Spells: 5/14 levels left

rFire   . . .      SeeInvis .   D - +5 short sword (freeze)
rCold   . . .      Faith    .   (no shield)
rNeg    . . .      Spirit   .   J - +4 ring mail
rPois   +          Reflect  .   c - +0 helmet
rElec   .          Harm     .   (no cloak)
rCorr   .          Rampage  .   (no gloves)
Will    +....                   F - +0 pair of boots
Stlth   ++........              (no amulet)
HPRegen 0.19/turn               v - ring of poison resistance
MPRegen 0.13/turn               I - ring of willpower

@: no status effects
A: no striking features
a: no special abilities


You were on level 6 of the Dungeon.
You visited 1 branch of the dungeon, and saw 6 of its levels.

You collected 300 gold pieces.
You spent 48 gold pieces at shops.

Inventory:

Hand Weapons
 d - a +0 club
 f - a +0 dagger
 g - a +0 dagger
 q - a +0 dagger of speed
 r - a +1 dagger of venom
 s - a +2 hand axe of electrocution
 y - a +0 trident
 A - a +0 hand axe
 C - a +1 vorpal flail
 D - a +5 short sword of freezing (weapon)
 E - a +1 vorpal mace
 H - a +0 shortbow
Missiles
 k - 8 poisoned darts
Armour
 a - a +0 robe
 c - a +0 helmet (worn)
 e - a +0 leather armour
 F - a +0 pair of boots (worn)
 G - a +0 chain mail
 J - a +4 ring mail (worn)
Magical Staves
 h - a staff of poison
Jewellery
 v - a ring of poison resistance (left hand)
 I - a ring of willpower (right hand)
Wands
 u - a wand of iceblast (2)
 w - a wand of flame (11) (quivered)
Scrolls
 i - 3 scrolls of enchant weapon
 m - a scroll of immolation
 o - a scroll of summoning
 x - a scroll of amnesia {unknown}
 B - 2 scrolls of teleportation {unknown}
Potions
 b - 3 potions of magic
 j - a potion of attraction
 l - a potion of degeneration
 z - a potion of mutation {unknown}


   Skills:
 + Level 2.3 Fighting
 * Level 1.2 Short Blades
 - Level 0.3(1.2) Maces & Flails
 - Level 1.9(2.0) Staves
 * Level 4.2 Dodging
 + Level 3.4 Stealth
 - Level 0.1 Unarmed Combat
 * Level 3.8 Spellcasting
 + Level 0.7 Hexes
 * Level 5.4 Summonings
 + Level 2.1 Poison Magic
 * Level 3.1 Evocations


You had 5 spell levels left.
You knew the following spells:

 Your Spells              Type           Power      Damage    Failure   Level
a - Summon Small Mammal   Summ           84%        N/A       5%          1
b - Call Imp              Summ           21%        N/A       8%          2
c - Call Canine Familiar  Summ           21%        N/A       16%         3
d - Summon Guardian Gole  Hex/Summ       13%        N/A       38%         3

Your spell library contained the following spells:

 Spells                   Type           Power      Damage    Failure   Level
 Summon Lightning Spire   Summ/Air       12%        N/A       85%         4


Dungeon Overview and Level Annotations

Branches:
Dungeon (6/15)
 Temple: D:4-7

Altars:

Shops:
D:3 ?

Annotations:
D:4 1 runed translucent door, Crazy Yiuf


Message History

The two-headed ogre barely misses your hound.
The two-headed ogre hits your hound with a +0 giant spiked club!!
Your hound dies!
Your hound's corpse disappears in a puff of smoke!
The puff of flame hits the two-headed ogre.
The two-headed ogre is severely wounded.
Casting: Call Canine Familiar (dangerous; 16% risk of failure)
Confirm with . or Enter, or press ? or * to list all spells.
A shadowy apparition takes form in the air.
You swap places.
The two-headed ogre barely misses your shadow imp. x2
Your shadow imp hits the two-headed ogre.
Your shadow imp hits the two-headed ogre.
The two-headed ogre closely misses your shadow imp.
The two-headed ogre hits your shadow imp with a +0 giant spiked club!
Your shadow imp dies!
Your shadow imp disappears in a puff of smoke!
The puff of flame hits the two-headed ogre.
The two-headed ogre is severely wounded.
The two-headed ogre shouts in stereo!
The electric eel shoots out a bolt of lightning at you!
The bolt of electricity misses you.
Casting: Call Imp (safe; 8% risk of failure)
Confirm with . or Enter, or press ? or * to list all spells.
A beastly little devil appears in a puff of frigid air.
The two-headed ogre hits your white imp with a +0 dire flail!!
Your white imp dies!
Your white imp disappears in a puff of smoke!
The puff of flame hits the two-headed ogre!
The two-headed ogre is severely wounded.
The puff of flame hits the two-headed ogre!
The two-headed ogre is almost dead.
The two-headed ogre attacks as you move away!
The two-headed ogre hits you with a +0 dire flail!
The two-headed ogre hits you with a +0 giant spiked club!!
* * * LOW HITPOINT WARNING * * *
As you read the scroll of fog, it crumbles to dust.
The scroll dissolves into smoke.
The two-headed ogre hits you with a +0 dire flail!
You die...

#............ ..≈≈≈≈≈≈
#.###.####### ..≈≈≈≈≈≈
#.# #.# ..≈≈≈≈≈≈ #.# #.#
..≈≈≈≈≈≈ #.# #.# ..≈≈≈≈≈#
#.# #.# ..S≈≈≈# #.# #§#
..≈≈≈# #.# #§#
''##########.###@#
..............§O§#
#.##########.############
#.# #........>...# #.#
#..#########.# #.#
##...## #.#
#.#########.>...#### #.#
#.........#........# #.#
#########.#.....##.# #.#


You could see a two-headed ogre.

Vanquished Creatures
  Edmund (D:4)
  A water moccasin (D:5)
  A jelly (D:4)
  2 gnolls (D:4)
  6 orcs
  An endoplasm (D:1)
  2 goblins (D:2)
  A hobgoblin (D:1)
  A quokka (D:1)
  2 frilled lizards
18 creatures vanquished.

Vanquished Creatures (collateral kills)
  An ice beast (D:3)
  An ogre (D:4)
  A centaur (D:5)
  A phantom (D:5)
  A jelly (D:5)
  An orc priest (D:3)
  A hound (D:4)
  Jessica (D:2)
  An iguana (D:6)
  An orc wizard (D:3)
  Natasha (D:2)
  Robin (D:2)
  2 gnolls (D:4)
  3 adders
  An ufetubus (D:6)
  A worm (D:3)
  2 dart slugs
  16 orcs
  10 endoplasms
  5 giant cockroaches
  6 goblins
  8 hobgoblins
  7 kobolds
  A quokka (D:4)
  6 ball pythons
  6 bats
  6 frilled lizards
  7 rats
99 creatures vanquished.

Grand Total: 117 creatures vanquished

Notes
Turn   | Place    | Note
-------+----------+-------------------------------------------
     0 | D:1      | Artihs the Human Summoner began the quest for the Orb.
     0 | D:1      | Reached XP level 1. HP: 13/13 MP: 3/3
    97 | D:1      | Reached XP level 2. HP: 12/19 MP: 0/5
   214 | D:1      | Learned a level 2 spell: Call Imp
   501 | D:1      | Reached XP level 3. HP: 25/25 MP: 0/6
   505 | D:1      | Learned a level 3 spell: Call Canine Familiar
  1039 | D:2      | Noticed Robin
  1043 | D:2      | Noticed Jessica
  1048 | D:2      | Killed Robin
  1049 | D:2      | Reached XP level 4. HP: 12/31 MP: 7/7
  1058 | D:2      | Killed Jessica
  1428 | D:2      | Found a faded altar of an unknown god.
  1945 | D:2      | Noticed Natasha
  1959 | D:2      | HP: 1/31 [Natasha (9)]
  1959 | D:2      | Killed Natasha
  1960 | D:2      | Reached XP level 5. HP: 1/36 MP: 3/8
  2652 | D:3      | Reached skill level 1 in Fighting
  2652 | D:3      | Reached skill level 1 in Staves
  2652 | D:3      | Reached skill level 1 in Evocations
  2718 | D:3      | Noticed an ice beast
  2738 | D:3      | Killed an ice beast
  2739 | D:3      | Reached skill level 1 in Poison Magic
  2739 | D:3      | Reached XP level 6. HP: 36/43 MP: 1/10
  2978 | D:3      | Learned a level 3 spell: Summon Guardian Golem
  3053 | D:3      | Found Ykhub's Magic Scroll Boutique.
  3118 | D:3      | Bought a scroll of identify for 24 gold pieces
  3118 | D:3      | Bought a scroll of identify for 24 gold pieces
  3526 | D:4      | Noticed an ogre
  3532 | D:4      | Killed an ogre
  3533 | D:4      | Reached XP level 7. HP: 49/49 MP: 7/11
  3749 | D:4      | Reached skill level 5 in Summonings
  3894 | D:4      | Noticed Edmund
  3902 | D:4      | Killed Edmund
  4354 | D:4      | Found a runed translucent door.
  4355 | D:4      | Noticed Crazy Yiuf
  4690 | D:5      | Entered Level 5 of the Dungeon
  4690 | D:5      | Noticed a water moccasin
  5333 | D:5      | Reached XP level 8. HP: 56/56 MP: 6/13
  5806 | D:5      | Reached skill level 1 in Short Blades
  6139 | D:6      | Noticed a hornet
  6408 | D:6      | Noticed a two-headed ogre
  6480 | D:6      | Slain by a two-headed ogre

Illustrated notes

Levels and vault maps discovered:
D:1:      ncdulo_lavacross, layout_rooms
D:2:      layout_loops_ring, chequers_ecumenical_altar_simple, uniq_natasha,
          uniq_robin, uniq_jessica
D:3:      layout_rooms, serial_shops, nicolae_shop_stone
D:4:      layout_layer_cave, uniq_crazy_yiuf_cottage, uniq_edmund
D:5:      layout_layer_cave
D:6:      kennysheep_big_flooded_room, layout_loops_ring

Skill      XL: |  1  2  3  4  5  6  7  8 |
---------------+-------------------------+-----
Fighting       | 1 2 |  2.3
Staves         | 1 |  1.9
Evocations     | 1 2 3 |  3.1
Dodging        | 3 4 |  4.2
Spellcasting   | 3 |  3.8
Poison Magic   | 1 2 |  2.1
Stealth        | 3 |  3.4
Summonings     | 5 |  5.4
Short Blades   | 1 |  1.2
Maces & Flails | |  0.3
Unarmed Combat | |  0.1
Hexes          | |  0.7

Action                   |  1- 3 |  4- 6 |  7- 9 || total
-------------------------+-------+-------+-------++-------
Melee: Unarmed           |     7 |       |       ||     7
       Club              |    13 |       |       ||    13
       Staff             |    13 |    16 |     1 ||    30
       Flail             |       |       |     2 ||     2
       Short sword       |       |       |     8 ||     8
Throw: Dart              |       |       |     2 ||     2
 Cast: Summon Small Mamm |    23 |     5 |    26 ||    54
       Call Imp          |    12 |    17 |    17 ||    46
       Call Canine Famil |     3 |    18 |    21 ||    42
Evoke: Wand              |       |     5 |    16 ||    21
  Use: Potion            |       |     2 |     1 ||     3
       Scroll            |       |     5 |     6 ||    11
Armor: Robe              |     9 |     4 |     2 ||    15
Dodge: Dodged            |    20 |    21 |     9 ||    50

Table legend: (Time is in decaauts)
 A = Elapsed time spent in this place.
 B = Non-inter-level travel time spent in this place.
 C = Inter-level travel time spent in this place.
 D = Time resting spent in this place.
 E = Time spent auto-exploring this place.
 F = Levels seen in this place.
 G = Mean time per level.
                   A        B        C        D        E       F      G
               +--------+--------+--------+--------+--------+-----+--------+
         Total |   6487 |   4648 |   1839 |   2004 |   1651 |   6 | 1081.2 |
       Dungeon |   6487 |   4648 |   1839 |   2004 |   1651 |   6 | 1081.2 |
               +--------+--------+--------+--------+--------+-----+--------+

Top non-repeatable levels by time:
     D:2: 1692 daAuts
     D:4: 1284 daAuts
     D:5: 1251 daAuts
     D:1: 883 daAuts
     D:3: 866 daAuts
     D:6: 509 daAuts
